 Dungeon Crawl Stone Soup version 0.17-a0-1301-ga863c44 (webtiles) character file.

2451 wotan the Grappler (level 9, -4/83 HPs)
             Began as a Ghoul Monk on June 7, 2015.
             Slain by an orc warrior
             ... wielding a cursed +0 glaive
              (8 damage)
             ... on level 7 of the Dungeon.
             The game lasted 00:27:34 (5847 turns).

wotan the Grappler (Ghoul Monk)                     Turns: 5847, Time: 00:27:34

Health: -4/83      AC: 10    Str: 15    XL:     9   Next: 50%
Magic:  8/8        EV: 11    Int:  6    God:
Gold:   260        SH:  0    Dex: 13    Spells: 0 memorised, 8 levels left

rFire  . . .     SeeInvis .       - Unarmed
rCold  + . .     Clarity  .     f - +1 chain mail
rNeg   + + +     SustAt   .     (no shield)
rPois  ∞         Gourm    .     (no helmet)
rElec  .         Spirit   .     (no cloak)
rCorr  .         Warding  .     (no gloves)
rMut   .         Stasis   .     (no boots)
MR     .....                    x - amulet of regeneration
Stlth  ..........               w - ring of flight
                                k - +4 ring of evasion

@: rotting, not resistant to hostile enchantments, extremely unstealthy
A: rotting body, claws 1, carnivore 3, cold resistance 1, negative energy
resistance 3, slow healing 1, torment resistance, unbreathing
a: Evoke Flight


You were on level 7 of the Dungeon.
You were not hungry.

You visited 2 branches of the dungeon, and saw 8 of its levels.

You collected 260 gold pieces.

Inventory:

Hand weapons
 u - a +0 blowgun
Missiles
 i - 7 tomahawks (quivered)
 o - 34 poisoned needles
Armour
 f - a +1 chain mail (worn)
 j - a +0 buckler
Jewellery
 k - a +4 ring of evasion (left claw)
 w - a ring of flight (right claw)
 x - an amulet of regeneration (around neck)
 y - an uncursed ring of protection from magic
Scrolls
 c - a scroll of enchant armour
 d - 7 scrolls of teleportation
 h - a scroll of amnesia
 l - 3 scrolls of remove curse
Potions
 a - a potion of mutation {unknown}
 e - 2 potions of curing {unknown}
 n - 2 potions of resistance {unknown}
 p - a potion of heal wounds
 q - a potion of brilliance
 r - a potion of cancellation {unknown}
 t - a potion of lignification {unknown}
Books
 m - a book of Changes

   Spells                             Type                      Level
   a - Beastly Appendage              Transmutation                1
   b - Sticks to Snakes               Transmutation                2
   c - Spider Form                    Transmutation/Poison         3
   d - Ice Form                       Ice/Transmutation            4
   e - Blade Hands                    Transmutation                5
 v - a book of Control

   Spells                             Type                      Level
   a - Control Teleport               Charms/Translocation         4
   b - Control Undead                 Necromancy                   4
   c - Metabolic Englaciation         Hexes/Ice                    5
   d - Mass Confusion                 Hexes                        6
Comestibles
 b - 2 meat rations
 g - a slice of pizza
 s - 2 beef jerkies
 z - 3 chunks of flesh


   Skills:
 - Level 9.1 Fighting
 - Level 5.1 Armour
 - Level 3.0 Dodging
 - Level 2.1 Stealth
 + Level 9.6 Unarmed Combat


You had 8 spell levels left.
You didn't know any spells.

Dungeon Overview and Level Annotations

Branches:
Dungeon (7/15)             Temple (1/1) D:6

Altars:
Ashenzari
Dithmenos
Fedhas
Gozag
Kikubaaqudgha
Okawaru
Qazlal
Ru
Sif Muna
Trog
Vehumet
Xom
Yredelemnul
Zin
The Shining One

Shops:
D:6 :

Annotations:
D:4 Eustachio, Pikel, Sigmund


Innate Abilities, Weirdness & Mutations

Your body is rotting away.
You thrive on raw meat.
You are immune to poison.
You have sharp fingernails.
You are carnivorous and can eat meat at any time.
Your flesh is cold resistant.
You are immune to negative energy.
You heal slowly when monsters are visible.
You are immune to unholy pain and torment.
You can survive without breathing.


Message History

You scratch the orc warrior but do no damage.
The orc warrior is severely wounded.
The orc warrior hits you with a glaive.
You scratch the orc warrior.
The orc warrior begins to bleed from its wounds!
The orc warrior is almost dead.
The orc priest completely misses you.
You scratch the orc warrior but do no damage.
The orc warrior is almost dead.
The orc priest misses you. The orc warrior hits you with a glaive!
* * * LOW HITPOINT WARNING * * *
You closely miss the orc warrior.
The orc warrior is almost dead.
The orc priest invokes the aid of Beogh against you.
Something smites you!
* * * LOW HITPOINT WARNING * * *
You scratch the orc warrior but do no damage.
The orc warrior is almost dead.
The orc warrior hits you with a glaive!
You die...

##.# ..........# ####
###..##'##### ####
#.<##..##.## ##..#
###..#.......# #...#
#....#.......# ...#
#....'.......# .o#
###'################'#
###.##########.#..##.#
#....'..+..@oo.....).#
###.##.##'##o####.)#.#
#.##.##.##.## ######
+.+.........+
#.##.##.#####
#.##<##.# )..+(.+.. #.
#####.. ###


You could see an orc warrior (bleeding), an orc priest and an orc.

Vanquished Creatures
  The ghost of PeterLawrence the Cudgeler, an average GrFi (D:4)
  A water moccasin (D:6)
  2 ice beasts (D:6)
  An orc warrior (D:6)
  2 slaves
  A phantom (D:6)
  2 sky beasts
  4 centaurs
  2 ogres (D:6)
  A big kobold (D:7)
  3 giant frogs (D:7)
  2 scorpions
  A water moccasin skeleton (D:6)
  4 crimson imps
  A jelly (D:5)
  2 orc priests
  Crazy Yiuf (D:3)
  An iguana (D:5)
  Ijyb (D:2)
  3 orc wizards
  3 hounds
  A worker ant (D:6)
  2 hound skeletons
  Robin (D:3)
  7 adders
  4 gnolls (D:5)
  A shadow imp (D:7)
  An adder zombie (D:7)
  2 oozes
  2 worms (D:2)
  10 orcs
  A ball python (D:2)
  A bat skeleton (D:6)
  9 giant cockroaches
  22 goblins
  13 hobgoblins
  19 jackals
  9 bats
  5 giant newts
  11 kobolds
  2 quokkas (D:6)
  A quokka skeleton (D:6)
  6 rats
169 creatures vanquished.

Notes
Turn   | Place    | Note
--------------------------------------------------------------
     0 | D:1      | wotan the Ghoul Monk began the quest for the Orb.
     0 | D:1      | Reached XP level 1. HP: 19/19 MP: 0/0
    93 | D:1      | Reached XP level 2. HP: 25/25 MP: 1/1
   316 | D:1      | Reached skill level 5 in Unarmed Combat
   421 | D:1      | Reached XP level 3. HP: 9/31 MP: 2/2
   676 | D:2      | Noticed Ijyb
   711 | D:2      | Killed Ijyb
   711 | D:2      | Reached XP level 4. HP: 18/38 MP: 3/3
   743 | D:2      | Reached skill level 6 in Unarmed Combat
   883 | D:2      | Found an opulent altar of Gozag.
  1070 | D:2      | Found a shadowy altar of Dithmenos.
  1517 | D:3      | Noticed Robin
  1534 | D:3      | Reached XP level 5. HP: 45/45 MP: 4/4
  1548 | D:3      | Killed Robin
  1679 | D:3      | Noticed a phantom
  1739 | D:3      | Found a glowing golden altar of the Shining One.
  2315 | D:3      | Noticed Crazy Yiuf
  2321 | D:3      | Killed Crazy Yiuf
  2321 | D:3      | Reached skill level 7 in Unarmed Combat
  2393 | D:4      | Noticed Sigmund
  2550 | D:4      | Noticed Eustachio
  2721 | D:4      | Noticed a slave
  2722 | D:4      | Noticed Pikel
  2722 | D:4      | Noticed a slave
  2855 | D:4      | Noticed PeterLawrence's ghost (average GrFi)
  2863 | D:4      | Found an ancient bone altar of Kikubaaqudgha.
  2925 | D:5      | Entered Level 5 of the Dungeon
  2935 | D:5      | Killed a slave
  2962 | D:5      | Reached XP level 6. HP: 37/49 MP: 5/5
  3040 | D:5      | Reached skill level 1 in Armour
  3057 | D:5      | Noticed a centaur
  3089 | D:5      | Killed a centaur
  3089 | D:5      | Reached XP level 7. HP: 42/57 MP: 6/6
  3259 | D:5      | Found a shattered altar of Ashenzari.
  3417 | D:5      | Noticed a phantom
  3428 | D:5      | Noticed a sky beast
  3460 | D:5      | Killed a sky beast
  3759 | D:5      | Found a bloodstained altar of Trog.
  4017 | D:4      | Killed PeterLawrence's ghost
  4017 | D:4      | Reached skill level 5 in Armour
  4080 | D:3      | Killed a slave
  4275 | D:6      | Reached XP level 8. HP: 62/65 MP: 7/7
  4320 | D:6      | Reached skill level 5 in Fighting
  4366 | D:6      | Killed a phantom
  4429 | D:6      | Found a staircase to the Ecumenical Temple.
  4439 | Temple   | Entered the Ecumenical Temple
  4781 | D:6      | Reached skill level 8 in Fighting
  4864 | D:6      | Found Ishryuwuvi's Book Emporium.
  4972 | D:6      | Found a sacrificial altar of Ru.
  5098 | D:6      | Reached XP level 9. HP: 73/82 MP: 8/8
  5209 | D:6      | Reached skill level 9 in Fighting
  5830 | D:7      | HP: 1/83 [orc priest/divine providence (12)]
  5846 | D:7      | HP: 4/83 [orc priest/divine providence (12)]
  5847 | D:7      | Slain by an orc warrior

Vault maps used:
D:1:      saegor_arrival_simple_b
D:2:      nicolae_overflow_crystal_walls, lemuel_coloured_pillars_altar,
          uniq_iyjb
D:3:      nicolae_tso_swordbearing_angel, first_bread, grunt_ministairs_13,
          kennysheep_boxes, uniq_crazy_yiuf_cottage, uniq_robin
D:4:      nemelex_xobeh_ov_fountains_minmay, old_standard_altar, uniq_sigmund,
          uniq_pikel, uniq_duvessa, uniq_grinder, uniq_eustachio
D:5:      bloody_trog, minivault_4, evilmike_ruin_ashenzari
D:6:      nicolae_overflow_hidden_temple, minmay_temple_entry_statues_pillars,
          serial_shops, nicolae_shop_temple_entry_statues_fountains
D:7:      kennysheep_generic_room_2
Temple:   nicolae_temple_figure_zero

Action                   |  1- 3 |  4- 6 |  7- 9 || total
-------------------------+-------+-------+-------++-------
Melee: Unarmed           |    95 |   224 |   329 ||   648
 Abil: Evoke Flight      |       |       |     1 ||     1
  Use: Scroll            |       |    12 |     4 ||    16
       Potion            |       |     1 |     4 ||     5
 Stab: Sleeping          |     3 |       |       ||     3
       Distracted        |       |       |     1 ||     1
  Eat: Chunk             |    10 |    10 |    13 ||    33
